 Dungeon Crawl Stone Soup version 0.31-a0-174-g85c54bcb58 (webtiles) character file.

Game seed: 12970342461733552144

2787 qw the Skirmisher (level 9, -2/86 HPs)
             Began as a Naga Hunter on June 15, 2023.
             Was an Initiate of Okawaru.
             Slain by a two-headed ogre
             ... wielding a +0 giant club
              (12 damage)
             ... on level 6 of the Dungeon.
             The game lasted 00:01:52 (4914 turns).

qw the Skirmisher (Naga Hunter)                     Turns: 4914, Time: 00:01:52

Health: -2/86      AC: 12    Str: 15    XL:     9   Next: 70%
Magic:  9/9        EV:  9    Int:  9    God:    Okawaru [......]
Gold:   88         SH:  0    Dex: 18    Spells: 8/8 levels left

rFire   . . .        e - +2 shortbow (heavy)
rCold   + . .        (shield currently unavailable)
rNeg    . . .        h - +0 robe {rC+}
rPois   +            (no helmet)
rElec   .            p - +2 cloak
rCorr   .            d - +0 pair of gloves
SInv    +            l - +0 barding
Will    +....        (no amulet)
Stlth   ++           (no ring)
HPRegen 0.34/turn    (no ring)
MPRegen 0.11/turn

%: no passive effects
@: about to teleport, short of breath, very slow
A: AC +3, large, see invisible, deformed body, poison resistance, slowness 2,
spit poison 1, naga tail 1
a: Spit Poison, Renounce Religion


You were on level 6 of the Dungeon.
You worshipped Okawaru.
Okawaru was noncommittal.
You visited 2 branches of the dungeon, and saw 7 of its levels.

You collected 283 gold pieces.
You spent 195 gold pieces at shops.


Innate Abilities, Weirdness & Mutations

Your serpentine skin is tough. (AC +3)
You have supernaturally acute eyesight. (SInv)
Armour fits poorly on your strangely shaped body.
Your system is resistant to poisons. (rPois)
You cover ground very slowly.
You can spit poison.
You have a snake-like lower body.


   Skills:
 - Level 7.5 Fighting
 + Level 9.8 Ranged Weapons
 - Level 2.0 Armour
 - Level 3.2 Dodging
 - Level 1.5 Stealth


You had 8 spell levels left.
You didn't know any spells.
Your spell library was empty.

Inventory:

Hand Weapons
 e - a +2 heavy shortbow (weapon)
Armour
 c - a +0 leather armour
 d - a +0 pair of gloves (worn)
 h - a +0 robe of cold resistance (worn)
 l - a +0 barding (worn)
 p - a +2 cloak (worn)
Jewellery
 n - a ring of ice
Scrolls
 a - a scroll of teleportation
 b - a scroll of identify
Potions
 f - 3 potions of curing
 g - 2 potions of might
 j - a potion of brilliance {unknown}
 k - a potion of cancellation
 m - a potion of magic {unknown}
 o - a potion of lignification {unknown}
 q - a potion of haste {unknown}

Dungeon Overview and Level Annotations

Branches:
Dungeon (6/15)             Temple (1/1) D:6

Altars:
Ashenzari
Cheibriados
Dithmenos
Elyvilon
Fedhas
Hepliaklqana
Kikubaaqudgha
Makhleb
Nemelex Xobeh
Okawaru
Ru
Sif Muna
Trog
Wu Jian
Xom
Yredelemnul
Zin

Shops:
D:2 ([=[:   D:4 *!


Message History

You shoot an arrow. The arrow hits the two-headed ogre!
The two-headed ogre is severely wounded.
You have got your breath back.
The two-headed ogre hits you with a +0 giant club!
The two-headed ogre hits you with a +0 giant club.
The killer bee barely misses you.
4911 ||| INVOKING Spit Poison.
Aiming: Spit Poison (1% risk of failure)
Press: ? - help, Shift-Dir - straight line, f/p - two-headed ogre The splash of poison hits the two-headed ogre!
The two-headed ogre is severely wounded.
The killer bee stings you. The two-headed ogre closely misses you.
The two-headed ogre hits you with a +0 giant club!
A killer bee comes into view.
The killer bee misses you.
The killer bee buzzes angrily.
You shoot an arrow. The arrow hits the two-headed ogre!
The two-headed ogre is almost dead.
You hear an angry buzzing noise.
The killer bee barely misses you.
The killer bee stings you but does no damage.
The two-headed ogre barely misses you.
The two-headed ogre hits you but does no damage.
The killer bee closely misses you.
You hear an angry buzzing noise. x3
You shoot an arrow.
The arrow barely misses the two-headed ogre.
The killer bee stings you. x2
The killer bee stings you but does no damage.
The two-headed ogre hits you with a +0 giant club.
The two-headed ogre hits you with a +0 giant club!
The killer bee barely misses you.
The killer bee stings you but does no damage.
4914 ||| READING 2 scrolls of teleportation.
As you read the scroll of teleportation, it crumbles to dust.
You feel strangely unstable. The killer bee barely misses you.
The killer bee completely misses you.
The killer bee stings you but does no damage.
The two-headed ogre hits you with a +0 giant club! x2
You die...

#) #.# ##.#####=
#.###.# #.# #.
....#.# #.# #.
#.#.#.# #.# #.
#.#.#.######.# ##
#####.#..........#
........#.########
####.#O#y#.#
......y@.#.#
##...#####.# #..
#.# #. #.# # #.#
..#


You could see a two-headed ogre and 2 killer bees.

Vanquished Creatures
  A two-headed ogre (D:5)
  Pikel (D:5)
  Sigmund (D:5)
  Eustachio (D:5)
  Edmund (D:6)
  A water moccasin (D:5)
  A black bear (D:6)
  An ogre (D:4)
  A centaur (D:5)
  A lemure (D:5)
  2 phantoms (D:5)
  3 scorpions (D:5)
  3 hounds
  A jelly (D:4)
  5 orc priests
  A gnoll bouda (D:5)
  An iguana (D:6)
  4 orc wizards
  4 gnolls (D:6)
  7 adders
  2 dart slugs
  23 orcs
  6 endoplasms
  5 giant cockroaches
  5 goblins
  7 hobgoblins
  6 jackals
  5 quokkas
  7 ball pythons
  6 bats
  3 frilled lizards
  5 kobolds
  4 rats
125 creatures vanquished.

Vanquished Creatures (others)
  An orc wizard (D:4)
1 creature vanquished.

Grand Total: 126 creatures vanquished

Notes
Turn   | Place    | Note
-------+----------+-------------------------------------------
     0 | D:1      | qw the Naga Hunter began the quest for the Orb.
     0 | D:1      | Reached XP level 1. HP: 19/19 MP: 1/1
     0 | D:1      | 0 ||| qw: Version: 0.2-a-29-g511e9b1
     0 | D:1      | 0 ||| qw: Game counter: 5159
     0 | D:1      | 0 ||| qw: Always use a shield: true
     0 | D:1      | 0 ||| qw: God list: Okawaru
     0 | D:1      | 0 ||| qw: Allow faded altars: false
     0 | D:1      | 0 ||| qw: Do Orc after D:15 true
     0 | D:1      | 0 ||| qw: Do second Lair branch before Depths: true
     0 | D:1      | 0 ||| qw: Lair rune preference: random
     0 | D:1      | 0 ||| qw: Plans: Normal
     0 | D:1      | 0 ||| PLANNING D:1-11
    21 | D:1      | 21 ||| INVOKING Spit Poison.
    24 | D:1      | 24 ||| INVOKING Spit Poison.
    93 | D:1      | 93 ||| INVOKING Spit Poison.
   119 | D:1      | 119 ||| INVOKING Spit Poison.
   136 | D:1      | 136 ||| INVOKING Spit Poison.
   149 | D:1      | 149 ||| INVOKING Spit Poison.
   153 | D:1      | Reached skill level 4 in Ranged Weapons
   153 | D:1      | Reached XP level 2. HP: 26/26 MP: 2/2
   157 | D:1      | 157 ||| INVOKING Spit Poison.
   165 | D:1      | 165 ||| INVOKING Spit Poison.
   214 | D:1      | 214 ||| INVOKING Spit Poison.
   276 | D:1      | 276 ||| INVOKING Spit Poison.
   312 | D:1      | 312 ||| INVOKING Spit Poison.
   346 | D:1      | 346 ||| INVOKING Spit Poison.
   351 | D:1      | 351 ||| INVOKING Spit Poison.
   376 | D:1      | 376 ||| INVOKING Spit Poison.
   380 | D:1      | 380 ||| INVOKING Spit Poison.
   408 | D:1      | 408 ||| INVOKING Spit Poison.
   439 | D:1      | 439 ||| INVOKING Spit Poison.
   456 | D:1      | 456 ||| INVOKING Spit Poison.
   457 | D:1      | Reached XP level 3. HP: 30/32 MP: 3/3
   489 | D:1      | 489 ||| INVOKING Spit Poison.
   665 | D:1      | 665 ||| READING scroll labelled TOKKUA OPADEF.
   666 | D:1      | 666 ||| READING scroll labelled TENOMO DUOXIA.
   667 | D:1      | 667 ||| DRINKING 2 dark potions.
   668 | D:1      | 668 ||| DRINKING 2 metallic grey potions.
   669 | D:1      | 669 ||| DRINKING 2 puce potions.
   670 | D:1      | 670 ||| DROPPING scroll of butterflies.
   671 | D:1      | 671 ||| DROPPING potion of enlightenment.
   712 | D:2      | Found a broken altar of Ashenzari.
   725 | D:2      | 725 ||| INVOKING Spit Poison.
   728 | D:2      | 728 ||| INVOKING Spit Poison.
   732 | D:2      | 732 ||| INVOKING Spit Poison.
   743 | D:2      | 743 ||| INVOKING Spit Poison.
   766 | D:2      | 766 ||| INVOKING Spit Poison.
   782 | D:2      | 782 ||| INVOKING Spit Poison.
   797 | D:2      | Found Rytup's Armour Emporium.
   810 | D:2      | 810 ||| BUYING +0 pair of gloves (63 gold).
   810 | D:2      | Bought a +0 pair of gloves for 63 gold pieces
   810 | D:2      | 810 ||| SHOPLISTING +1 leather armour of Limited Liability
                  | {rElec rF+} (392 gold, have 22).
   810 | D:2      | 810 ||| SHOPLISTING +2 ring mail of willpower (294 gold,
                  | have 22).
   837 | D:2      | 837 ||| INVOKING Spit Poison.
   843 | D:2      | 843 ||| INVOKING Spit Poison.
   852 | D:2      | 852 ||| INVOKING Spit Poison.
   899 | D:2      | 899 ||| INVOKING Spit Poison.
   927 | D:2      | 927 ||| INVOKING Spit Poison.
   931 | D:2      | 931 ||| INVOKING Spit Poison.
   932 | D:2      | 932 ||| INVOKING Spit Poison.
   981 | D:2      | Found Ryextuoz's Book Shop.
  1009 | D:2      | Found Gusiloxt's Antique Armour Boutique.
  1019 | D:2      | 1019 ||| SHOPLISTING creamy pearl robe (119 gold, have 34).
  1019 | D:2      | 1019 ||| SHOPLISTING glowing leather armour (105 gold, have
                  | 34).
  1019 | D:2      | 1019 ||| SHOPLISTING runed leather armour (105 gold, have
                  | 34).
  1019 | D:2      | 1019 ||| SHOPLISTING shiny ring mail (147 gold, have 34).
  1140 | D:2      | Found Febyt's Weapon Emporium.
  1250 | D:2      | 1250 ||| INVOKING Spit Poison.
  1444 | D:2      | Found Ucy Nel's Jewellery Shoppe.
  1452 | D:2      | 1452 ||| SHOPLISTING +6 ring of dexterity (396 gold, have
                  | 60).
  1452 | D:2      | 1452 ||| SHOPLISTING +6 ring of strength (396 gold, have
                  | 60).
  1452 | D:2      | 1452 ||| SHOPLISTING amulet of reflection (330 gold, have
                  | 60).
  1452 | D:2      | 1452 ||| SHOPLISTING amulet of regeneration (330 gold, have
                  | 60).
  1452 | D:2      | 1452 ||| SHOPLISTING ring of Lob Peo {Fire Int+3} (421
                  | gold, have 60).
  1452 | D:2      | 1452 ||| SHOPLISTING ring of positive energy (220 gold,
                  | have 60).
  1515 | D:2      | 1515 ||| UPGRADING to +0 pair of gloves.
  1520 | D:2      | 1520 ||| READING 2 scrolls labelled GIUJOSCH TONEUD.
  1523 | D:2      | 1523 ||| READING scroll labelled HOATORCHUFE.
  1533 | D:3      | 1533 ||| INVOKING Spit Poison.
  1536 | D:3      | 1536 ||| INVOKING Spit Poison.
  1553 | D:3      | 1553 ||| INVOKING Spit Poison.
  1559 | D:3      | Reached skill level 5 in Ranged Weapons
  1559 | D:3      | Reached XP level 4. HP: 39/39 MP: 4/4
  1559 | D:3      | 1559 ||| INVOKING Spit Poison.
  1560 | D:3      | 1560 ||| INVOKING Spit Poison.
  1564 | D:3      | 1564 ||| INVOKING Spit Poison.
  1568 | D:3      | 1568 ||| INVOKING Spit Poison.
  1579 | D:3      | 1579 ||| INVOKING Spit Poison.
  1582 | D:3      | 1582 ||| INVOKING Spit Poison.
  1613 | D:3      | Found a faded altar of an unknown god.
  1686 | D:3      | 1686 ||| INVOKING Spit Poison.
  1749 | D:3      | 1749 ||| INVOKING Spit Poison.
  1759 | D:3      | 1759 ||| INVOKING Spit Poison.
  1769 | D:3      | 1769 ||| INVOKING Spit Poison.
  1826 | D:3      | Found a bloodstained altar of Trog.
  1829 | D:3      | 1829 ||| INVOKING Spit Poison.
  1850 | D:3      | 1850 ||| INVOKING Spit Poison.
  1931 | D:3      | 1931 ||| UPGRADING to +0 barding.
  1936 | D:3      | 1936 ||| DRINKING 2 orange potions.
  1937 | D:3      | 1937 ||| READING 2 scrolls of identify.
  1937 | D:3      | 1937 ||| IDENTIFYING fizzy golden potion
  1938 | D:3      | 1938 ||| DROPPING potion of attraction.
  1998 | D:4      | 1998 ||| INVOKING Spit Poison.
  2003 | D:4      | 2003 ||| STAIRDANCE
  2005 | D:3      | 2005 ||| INVOKING Spit Poison.
  2012 | D:3      | 2012 ||| INVOKING Spit Poison.
  2014 | D:3      | Reached skill level 1 in Armour
  2019 | D:3      | 2019 ||| INVOKING Spit Poison.
  2022 | D:3      | Reached XP level 5. HP: 16/46 MP: 5/5
  2023 | D:3      | 2023 ||| INVOKING Spit Poison.
  2144 | D:4      | 2144 ||| INVOKING Spit Poison.
  2150 | D:4      | 2150 ||| INVOKING Spit Poison.
  2154 | D:4      | Reached skill level 3 in Fighting
  2155 | D:4      | 2155 ||| INVOKING Spit Poison.
  2158 | D:4      | 2158 ||| INVOKING Spit Poison.
  2223 | D:4      | 2223 ||| UPGRADING to +2 heavy shortbow.
  2224 | D:4      | 2224 ||| DROPPING +0 shortbow.
  2252 | D:4      | 2252 ||| INVOKING Spit Poison.
  2257 | D:4      | 2257 ||| INVOKING Spit Poison.
  2262 | D:4      | 2262 ||| INVOKING Spit Poison.
  2267 | D:4      | 2267 ||| Stepping ~*~*~tactically~*~*~ (outnumbered).
  2268 | D:4      | 2268 ||| INVOKING Spit Poison.
  2272 | D:4      | 2272 ||| INVOKING Spit Poison.
  2273 | D:4      | 2273 ||| INVOKING Spit Poison.
  2302 | D:4      | 2302 ||| INVOKING Spit Poison.
  2305 | D:4      | Reached XP level 6. HP: 52/56 MP: 6/6
  2307 | D:4      | 2307 ||| INVOKING Spit Poison.
  2309 | D:4      | Reached skill level 6 in Ranged Weapons
  2311 | D:4      | 2311 ||| INVOKING Spit Poison.
  2352 | D:4      | 2352 ||| INVOKING Spit Poison.
  2355 | D:4      | 2355 ||| INVOKING Spit Poison.
  2392 | D:4      | Found Byttog's Distillery.
  2395 | D:4      | 2395 ||| SHOPLISTING 2 potions of haste (240 gold, have
                  | 144).
  2395 | D:4      | 2395 ||| BUYING potion of curing (36 gold).
  2395 | D:4      | Bought a potion of curing for 36 gold pieces
  2395 | D:4      | 2395 ||| BUYING potion of curing (36 gold).
  2395 | D:4      | Bought a potion of curing for 36 gold pieces
  2395 | D:4      | 2395 ||| BUYING potion of might (48 gold).
  2395 | D:4      | Bought a potion of might for 48 gold pieces
  2395 | D:4      | 2395 ||| SHOPLISTING potion of mutation (96 gold, have 24).
  2453 | D:4      | Identified the +6 mace of the Tent {flame, Str+2}
  2513 | D:4      | Found Gauttolu's CLEARANCE SALE!.
  2521 | D:4      | 2521 ||| BUYING scroll of identify (12 gold).
  2521 | D:4      | Bought a scroll of identify for 12 gold pieces
  2599 | D:4      | 2599 ||| INVOKING Spit Poison.
  2692 | D:4      | 2692 ||| INVOKING Spit Poison.
  2695 | D:4      | 2695 ||| INVOKING Spit Poison.
  2734 | D:4      | 2734 ||| READING 3 scrolls labelled HIOZETETAV.
  2735 | D:4      | 2735 ||| READING scroll labelled XEUWAQUOWN.
  2736 | D:4      | 2736 ||| READING scroll labelled EHAAXA ZUREA.
  2737 | D:4      | 2737 ||| DRINKING 2 viscous silvery potions.
  2738 | D:4      | 2738 ||| READING 3 scrolls of identify.
  2738 | D:4      | 2738 ||| IDENTIFYING fuming clear potion
  2739 | D:4      | 2739 ||| READING 2 scrolls of identify.
  2739 | D:4      | 2739 ||| IDENTIFYING fizzy emerald potion
  2740 | D:4      | 2740 ||| DROPPING potion of degeneration.
  2741 | D:4      | 2741 ||| DROPPING potion of invisibility.
  2742 | D:4      | 2742 ||| DROPPING 2 scrolls of revelation.
  2748 | D:5      | Entered Level 5 of the Dungeon
  2770 | D:5      | 2770 ||| INVOKING Spit Poison.
  2772 | D:5      | Noticed Sigmund
  2774 | D:5      | 2774 ||| INVOKING Spit Poison.
  2776 | D:5      | Reached XP level 7. HP: 63/64 MP: 7/7
  2778 | D:5      | 2778 ||| INVOKING Spit Poison.
  2781 | D:5      | 2781 ||| INVOKING Spit Poison.
  2784 | D:5      | Killed Sigmund
  2785 | D:5      | Reached skill level 7 in Ranged Weapons
  2879 | D:5      | Noticed a two-headed ogre
  2880 | D:5      | 2880 ||| INVOKING Spit Poison.
  2885 | D:5      | 2885 ||| INVOKING Spit Poison.
  2889 | D:5      | 2889 ||| INVOKING Spit Poison.
  2889 | D:5      | HP: 15/64 [phantom (2)]
  2890 | D:5      | 2890 ||| READING 4 scrolls of teleportation.
  2891 | D:5      | 2891 ||| DRINKING 2 potions of heal wounds.
  2893 | D:5      | Noticed Eustachio
  2895 | D:5      | 2895 ||| INVOKING Spit Poison.
  2899 | D:5      | 2899 ||| INVOKING Spit Poison.
  2909 | D:5      | 2909 ||| INVOKING Spit Poison.
  2909 | D:5      | Killed Eustachio
  2910 | D:5      | Reached XP level 8. HP: 38/72 MP: 8/8
  3050 | D:5      | 3050 ||| INVOKING Spit Poison.
  3062 | D:5      | 3062 ||| INVOKING Spit Poison.
  3063 | D:5      | Reached skill level 8 in Ranged Weapons
  3068 | D:5      | 3068 ||| INVOKING Spit Poison.
  3078 | D:5      | 3078 ||| INVOKING Spit Poison.
  3082 | D:5      | Killed a two-headed ogre
  3083 | D:5      | Reached XP level 9. HP: 63/86 MP: 9/9
  3226 | D:5      | 3226 ||| INVOKING Spit Poison.
  3232 | D:5      | 3232 ||| INVOKING Spit Poison.
  3285 | D:5      | 3285 ||| INVOKING Spit Poison.
  3290 | D:5      | 3290 ||| INVOKING Spit Poison.
  3355 | D:5      | 3355 ||| INVOKING Spit Poison.
  3365 | D:5      | 3365 ||| INVOKING Spit Poison.
  3368 | D:5      | 3368 ||| INVOKING Spit Poison.
  3389 | D:5      | 3389 ||| INVOKING Spit Poison.
  3524 | D:5      | 3524 ||| INVOKING Spit Poison.
  3687 | D:5      | Noticed Pikel
  3687 | D:5      | 3687 ||| INVOKING Spit Poison.
  3691 | D:5      | 3691 ||| INVOKING Spit Poison.
  3694 | D:5      | 3694 ||| INVOKING Spit Poison.
  3698 | D:5      | 3698 ||| INVOKING Spit Poison.
  3699 | D:5      | HP: 19/86 [Pikel/+0 whip of electrocution (9)]
  3700 | D:5      | 3700 ||| READING 3 scrolls of teleportation.
  3700 | D:5      | HP: 4/86 [lemure[Pikel] (6)]
  3701 | D:5      | 3701 ||| DRINKING potion of heal wounds.
  3702 | D:5      | Killed Pikel
  3703 | D:5      | Reached skill level 9 in Ranged Weapons
  3924 | D:5      | Found a sacrificial altar of Ru.
  4231 | D:5      | 4231 ||| UPGRADING to +0 robe of cold resistance.
  4241 | D:5      | 4241 ||| READING scroll labelled GIBRAXUTIRU.
  4242 | D:5      | 4242 ||| READING scroll labelled GUAT RUFILON.
  4371 | D:6      | 4371 ||| Stepping ~*~*~tactically~*~*~ (outnumbered).
  4373 | D:6      | 4373 ||| Stepping ~*~*~tactically~*~*~ (outnumbered).
  4374 | D:6      | 4374 ||| INVOKING Spit Poison.
  4379 | D:6      | 4379 ||| INVOKING Spit Poison.
  4385 | D:6      | 4385 ||| INVOKING Spit Poison.
  4560 | D:6      | Noticed Edmund
  4562 | D:6      | 4562 ||| INVOKING Spit Poison.
  4566 | D:6      | 4566 ||| INVOKING Spit Poison.
  4569 | D:6      | 4569 ||| INVOKING Spit Poison.
  4571 | D:6      | Killed Edmund
  4572 | D:6      | Reached skill level 3 in Dodging
  4654 | D:6      | Found a staircase to the Ecumenical Temple.
  4655 | D:6      | 4655 ||| PLANNING TEMPLE
  4655 | D:6      | 4655 ||| UPGRADING to +2 cloak.
  4660 | D:6      | 4660 ||| DROPPING ring of wizardry.
  4668 | Temple   | Entered the Ecumenical Temple
  4778 | Temple   | 4778 ||| PLANNING OKAWARU WORSHIP
  4851 | Temple   | Became a worshipper of Warmaster Okawaru
  4852 | Temple   | 4852 ||| PLANNING D:1-11
  4894 | D:6      | 4894 ||| INVOKING Spit Poison.
  4901 | D:6      | Noticed a two-headed ogre
  4903 | D:6      | 4903 ||| INVOKING Spit Poison.
  4907 | D:6      | 4907 ||| INVOKING Spit Poison.
  4911 | D:6      | 4911 ||| INVOKING Spit Poison.
  4913 | D:6      | HP: 21/86 [two-headed ogre/+0 giant club (9)]
  4914 | D:6      | 4914 ||| READING 2 scrolls of teleportation.
  4914 | D:6      | HP: 10/86 [two-headed ogre/+0 giant club (12)]
  4914 | D:6      | Slain by a two-headed ogre

Levels and vault maps discovered:
D:1:      reono_arrival_mine, layout_basic
D:2:      minmay_evil_eye, layout_loops_ring, basic_altar, serial_shops,
          nicolae_lakefront_shop, shop, shop, nicolae_shop_bloodbath_and_beyond,
          shop
D:3:      layout_rooms, bloody_trog, hellmonk_ecumenical_altar_heavens_door,
          minmay_misc_feat_columns
D:4:      layout_basic, serial_shops, shop, nicolae_shop_clearance
D:5:      layout_basic, lemuel_coloured_pillars_altar, minmay_diced_spiral,
          uniq_pikel, uniq_sigmund, uniq_eustachio
D:6:      layout_basic, minmay_temple_entry_butterflies, uniq_edmund,
          uniq_prince_ribbit1, uniq_crazy_yiuf_cottage
Temple:   bh_familiar_temple

Skill      XL: |  1  2  3  4  5  6  7  8  9 |
---------------+----------------------------+-----
Ranged Weapons | 4 5 6 7 8 9 |  9.8
Armour         | 1 2 |  2.0
Fighting       | 3 4 7 |  7.5
Dodging        | 2 3 |  3.2
Stealth        | |  1.5

Action                     |  1- 3 |  4- 6 |  7- 9 || total
---------------------------+-------+-------+-------++-------
   Fire: Shortbow          |    56 |    99 |   131 ||   286
Ability: Spit Poison       |    35 |    35 |    35 ||   105
    Use: Scroll            |     4 |     6 |     5 ||    15
         Potion            |     3 |     2 |     2 ||     7
 Armour: Leather armour    |    12 |    71 |    38 ||   121
         Robe              |       |       |    11 ||    11
  Dodge: Dodged            |    14 |    34 |    49 ||    97

Table legend:
 A = Non-vault XP
 B = Vault XP
 C = Vault XP percentage of total XP
 D = Non-vault monster count
 E = Vault monster count
 F = Vault count percentage of total count
                 A         B        C        D         E       F
            +---------+---------+-------+---------+---------+-------
      Total |    1568 |    2414 |  60.6 |     113 |      12 |   9.6
            +---------+---------+-------+---------+---------+-------
        D:1 |      39 |       0 |   0.0 |      23 |       0 |   0.0
        D:2 |      26 |       5 |  16.1 |      15 |       2 |  11.8
        D:3 |     108 |       0 |   0.0 |      21 |       0 |   0.0
        D:4 |     438 |       0 |   0.0 |      27 |       0 |   0.0
        D:5 |     710 |    2236 |  75.9 |      19 |       9 |  32.1
        D:6 |     247 |     173 |  41.2 |       8 |       1 |  11.1
            +---------+---------+-------+---------+---------+-------
